 Dungeon Crawl Stone Soup version 0.22-a0-271-gc000056 (webtiles) character file.

4902 tidbits the Magician (level 10, -14/74 HPs)
             Began as a Gnoll Fire Elementalist on Mar 12, 2018.
             Was a Priest of Cheibriados.
             Demolished by a minotaur
             ... wielding the +5 quarterstaff of Wounding {freeze, *Contam rN++ Stlth+}
              (23 damage)
             ... in a labyrinth.
             The game lasted 00:33:09 (3186 turns).

tidbits the Magician (Gnoll Fire Elementalist)      Turns: 3186, Time: 00:33:10

Health: -14/74     AC: 14    Str: 17    XL:     10   Next: 51%
Magic:  21/21      EV: 18    Int: 28    God:    Cheibriados [***...]
Gold:   236        SH:  0    Dex: 23    Spells: 13/23 levels left

rFire    . . .     SeeInvis .   a - +2 short sword (elec)
rCold    . . .     Gourm    .   (no shield)
rNeg     . . .     Faith    .   B - +0 troll leather armour
rPois    .         Spirit   .   E - +0 helmet (curse)
rElec    .         Reflect  .   C - +1 cloak
rCorr    .         Harm     .   G - +2 pair of gloves
MR       .....                  (no boots)
Stlth    ++++......             (no amulet)
HPRegen  0.62/turn              U - +3 ring of protection
MPRegen  0.17/turn              (no ring)

@: very slow
A: distributed training, fangs 1, strong nose
a: Bend Time, Temporal Distortion, Renounce Religion


You were in a labyrinth.
You worshipped Cheibriados.
Cheibriados was most pleased with you.
You were hungry.

You visited 2 branches of the dungeon, and saw 14 of its levels.
You also visited: Labyrinth and Bailey.

You collected 236 gold pieces.

Inventory:

Hand Weapons
 a - a +2 short sword of electrocution (weapon)
   (You took it off Robin on level 3 of the Dungeon)
 b - a +0 dagger
 d - a +0 broad axe
 e - a +0 broad axe
 q - a +0 rapier
 v - a +0 war axe
 x - the +1 long sword "Filekuoz" {pain, rPois Int+2}
   (You found it in a bailey)

   In the hands of one skilled in necromantic magic, it inflicts extra damage on
   living creatures.
   It affects your intelligence (+2).
   It protects you from poison.
 y - a +2 flail of crushing
   (You found it in a bailey)
 I - the +3 Elemental Staff {rElec rF++ rC++ MR++ AC+5}
   (You found it on level 9 of the Dungeon)

   It affects your AC (+5).
   It greatly protects you from fire.
   It greatly protects you from cold.
   It insulates you from electricity.
   It affects your resistance to hostile enchantments.
 K - a +0 hand crossbow
Missiles
 g - 26 stones
 h - 102 arrows
 p - 4 tomahawks
 t - 36 tomahawks of returning (quivered)
Armour
 f - a +0 robe
 i - a +2 animal skin
 o - a +0 ring mail
 A - a +0 shield
 B - a +0 troll leather armour (worn)
 C - a +1 cloak (worn)
 E - a cursed +0 helmet (worn)
 G - a +2 pair of gloves (worn)
Magical Staves
 H - an uncursed staff of poison {unknown}
   (You found it on level 9 of the Dungeon)
Jewellery
 m - an uncursed ring of ice
   (You found it on level 3 of the Dungeon)
 U - a +3 ring of protection (left hand)
   (You found it on level 3 of the Dungeon)
Wands
 l - a wand of polymorph (6)
 u - a wand of flame (6)
 z - a wand of scattershot (9)
 N - a wand of acid (5)
Scrolls
 n - 4 scrolls of enchant weapon
 r - 5 scrolls of remove curse
 s - a scroll of noise
 F - a scroll of vulnerability
Potions
 j - 3 potions of flight
 k - a potion of invisibility
 w - a potion of heal wounds
 D - a potion of curing {unknown}
 J - a potion of agility
 L - a potion of brilliance
Comestibles
 c - 6 rations


   Skills:
 + Level 5.2 Fighting
 + Level 5.2 Short Blades
 + Level 5.2 Long Blades
 + Level 5.2 Axes
 + Level 5.2 Maces & Flails
 + Level 5.2 Polearms
 + Level 5.2 Staves
 + Level 5.2 Slings
 + Level 5.2 Bows
 + Level 5.2 Crossbows
 + Level 5.2 Throwing
 + Level 5.2 Armour
 + Level 7.0 Dodging
 + Level 6.8 Stealth
 + Level 5.2 Shields
 + Level 5.2 Unarmed Combat
 + Level 7.3 Spellcasting
 + Level 4.9 Conjurations
 + Level 4.3 Hexes
 + Level 4.3 Charms
 + Level 4.3 Summonings
 + Level 4.3 Necromancy
 + Level 4.3 Translocations
 + Level 4.3 Transmutations
 + Level 7.1 Fire Magic
 + Level 4.3 Ice Magic
 + Level 4.3 Air Magic
 + Level 4.3 Earth Magic
 + Level 4.3 Poison Magic
 + Level 5.8 Invocations
 + Level 5.2 Evocations


You had 13 spell levels left.
You knew the following spells:

 Your Spells              Type           Power        Failure   Level  Hunger
a - Flame Tongue          Conj/Fire      #####        1%          1    None
c - Conjure Flame         Conj/Fire      #####...     1%          3    None
j - Throw Flame           Conj/Fire      #####.       1%          2    None
t - Sticky Flame          Conj/Fire      #####...     5%          4    ##.....


Dungeon Overview and Level Annotations

Branches:
Dungeon (13/15)            Temple (1/1) D:7             Orc (0/2) D:9
   Lair: D:8-11      Vaults: D:13-14

Altars:
Ashenzari
Cheibriados
Dithmenos
Elyvilon
Fedhas
Gozag
Kikubaaqudgha
Makhleb
Okawaru
Qazlal
Ru
Sif Muna
Trog
Uskayaw
Wu Jian
Zin
The Shining One

Shops:
D:12 =

Annotations:
D:8 Psyche


Innate Abilities, Weirdness & Mutations

Your experience applies equally to all skills.
You have very sharp teeth.
Your uncanny sense of smell can sniff out nearby items.


Message History

The troll misses you. x2; The troll closely misses you.
Casting: Sticky Flame (safe; 5% risk of failure)
Confirm with . or Enter, or press ? or * to list all spells.
Aiming: Sticky Flame (safe; 5% risk of failure)
Press: ? - help, Shift-Dir - straight line, f/p - troll
Aim: a troll The sticky flame hits the troll.
The troll is lightly wounded.
The troll is covered in liquid flames!
The troll burns!
The troll bites you! The troll barely misses you.
The troll claws you but does no damage.
You hit the troll but do no damage. Your bite misses the troll.
The troll is lightly wounded.
You hear the brisk ticking of a clock.
The troll burns!
The troll barely misses you. The troll claws you!
The troll completely misses you.
You closely miss the troll. You bite the troll.
The troll is lightly wounded.
The troll burns!
The troll bites you! The troll claws you but does no damage.
The troll barely misses you.
You barely miss the troll.
The troll is moderately wounded.
The troll burns!
The troll barely misses you.
The troll claws you but does no damage. x2
You hit the troll.
The troll is heavily wounded.
The troll burns!
The troll bites you but does no damage. The troll completely misses you. x2
You hit the troll.
The troll is severely wounded.
The troll burns!
The troll closely misses you. The troll claws you but does no damage.
The troll claws you.
You hit the troll. Your bite misses the troll.
The troll is severely wounded.
You hit the troll.
The troll is almost dead.
The troll burns!
The troll bites you. The troll barely misses you. The troll closely misses you.
You barely miss the troll.
The troll is almost dead.
The troll burns!
You kill the troll!
Cheibriados appreciates the change of pace.
M - a scroll of teleportation
There is a labyrinth entrance here.
Beware, the minotaur awaits!
The world spins around you as you enter the gateway.
As you enter the labyrinth, previously moving walls settle noisily into place.
You hear the metallic echo of a distant snort before it fades into the rock.
Unknown command.
Your magical contamination has completely faded away.
You hear the creaking of ancient gears!
The floor suddenly vibrates beneath you!
You are feeling hungry.
As you read the scroll of teleportation, it crumbles to dust.
You feel strangely unstable.
Unknown command.
Your surroundings suddenly seem different.
Unknown command.
A minotaur comes into view.
It is wielding an ancient quarterstaff {freeze}.
Unknown command.
Evoke which item? (* to show all) (? for menu, Esc to quit)
Aiming: Corrosive Bolt
Press: ? - help, Shift-Dir - straight line, f - minotaur
Aim: a minotaur, wielding an ancient quarterstaff {freeze}, wearing a black opal-studded chain mail and wearing a glowing diamond ring (hasn't noticed you)
The bolt of acid hits the minotaur.
The minotaur is splashed with acid.
The minotaur is lightly wounded.
The minotaur bellows!
The minotaur throws a javelin.
The javelin closely misses you.
Evoke which item? (* to show all) (? for menu, Esc to quit)
Aiming: Corrosive Bolt
Press: ? - help, Shift-Dir - straight line, f/p - minotaur
Aim: a minotaur, wielding an ancient quarterstaff {freeze}, wearing a black opal-studded chain mail and wearing a glowing diamond ring (lightly wounded)
The bolt of acid hits the minotaur.
The minotaur is splashed with acid.
The acid corrodes the minotaur!
The minotaur is moderately wounded.
The minotaur throws a javelin.
The javelin hits you.
The minotaur throws a javelin.
The javelin misses you.
The minotaur throws a javelin.
The javelin hits you.
You see here a javelin.
Evoke which item? (* to show all) (? for menu, Esc to quit)
Aiming: Corrosive Bolt
Press: ? - help, Shift-Dir - straight line, f/p - minotaur
Aim: a minotaur, wielding an ancient quarterstaff {freeze}, wearing a black opal-studded chain mail and wearing a glowing diamond ring (moderately wounded, covered in acid)
The bolt of acid hits the minotaur.
The minotaur is splashed with acid.
The minotaur is severely wounded.
The minotaur is no longer covered in acid.
The minotaur throws a javelin.
The javelin hits you!
Evoke which item? (* to show all) (? for menu, Esc to quit)
Aiming: Corrosive Bolt
Press: ? - help, Shift-Dir - straight line, f/p - minotaur
Aim: a minotaur, wielding an ancient quarterstaff {freeze}, wearing a black opal-studded chain mail and wearing a glowing diamond ring (severely wounded)
The bolt of acid hits the minotaur.
The minotaur is splashed with acid.
The acid corrodes the minotaur!
The minotaur is almost dead.
The minotaur throws a javelin.
The javelin hits you!
The minotaur hits you with an ancient quarterstaff {freeze}!!
* * * LOW HITPOINT WARNING * * *
The minotaur freezes you!
* * * LOW HITPOINT WARNING * * *
The minotaur barely misses you.
The minotaur hits you with an ancient quarterstaff {freeze}!!
You die...

#... #. .#...# #
### ####### #.# #
.#.....#.....#
###.... .... .# ###
#..### # #.. ...#
#..#.# ≈#.###### #.
..#.#.≈≈#..# ..
#.##H'...<≈#..#.# .
#...@# #....#
###.(# .#### #..##
####..#
#..(........#
#...(.#...#.#.....
#####(###.#########
..# ..# .###.### ..
.


You could see a minotaur.

Vanquished Creatures
  An orc knight (Bailey)
  3 trolls
  A wyvern (D:10)
  9 yaks
  Menkaure (D:7)
  A warg (D:9)
  Duvessa (D:7)
  7 orc warriors
  A black bear (D:10)
  A necrophage (D:7)
  A centaur (D:12)
  Dowan (D:7)
  4 bullfrogs
  A scorpion (D:8)
  2 crimson imps
  5 orc priests
  2 hounds
  Crazy Yiuf (D:7)
  An iguana (D:6)
  4 orc wizards
  A worker ant (D:5)
  A mummy (D:7)
  A howler monkey zombie (D:6)
  Robin (D:3)
  9 gnolls
  8 adders
  A shadow imp (D:7)
  2 leopard geckos
  20 orcs
  A ball python (D:3)
  17 goblins
  5 hobgoblins (D:3)
  10 jackals
  3 quokkas
  3 bats
  16 kobolds
  3 rats
  A fungus (D:7)
151 creatures vanquished.

Notes
Turn   | Place    | Note
-------+----------+-------------------------------------------
     0 | D:1      | tidbits the Gnoll Fire Elementalist began the quest for the Orb.
     0 | D:1      | Reached XP level 1. HP: 13/13 MP: 6/6
    49 | D:1      | Reached skill level 2 in Conjurations
   105 | D:1      | Reached XP level 2. HP: 19/19 MP: 3/7
   223 | D:3      | Reached XP level 3. HP: 25/25 MP: 1/9
   230 | D:3      | Reached skill level 5 in Spellcasting
   271 | D:3      | Noticed Robin
   307 | D:3      | Reached skill level 1 in Invocations
   323 | D:3      | Killed Robin
   323 | D:3      | Reached skill level 1 in Fighting
   323 | D:3      | Reached skill level 1 in Short Blades
   323 | D:3      | Reached skill level 1 in Long Blades
   323 | D:3      | Reached skill level 1 in Axes
   323 | D:3      | Reached skill level 1 in Maces & Flails
   323 | D:3      | Reached skill level 1 in Polearms
   323 | D:3      | Reached skill level 1 in Staves
   323 | D:3      | Reached skill level 1 in Slings
   323 | D:3      | Reached skill level 1 in Bows
   323 | D:3      | Reached skill level 1 in Crossbows
   323 | D:3      | Reached skill level 1 in Throwing
   323 | D:3      | Reached skill level 1 in Armour
   323 | D:3      | Reached skill level 1 in Shields
   323 | D:3      | Reached skill level 1 in Unarmed Combat
   323 | D:3      | Reached skill level 1 in Evocations
   323 | D:3      | Reached XP level 4. HP: 23/32 MP: 2/11
   365 | D:3      | Noticed a bullfrog
   372 | D:3      | Killed a bullfrog
   372 | D:3      | Reached skill level 1 in Hexes
   372 | D:3      | Reached skill level 1 in Charms
   372 | D:3      | Reached skill level 1 in Summonings
   372 | D:3      | Reached skill level 1 in Necromancy
   372 | D:3      | Reached skill level 1 in Translocations
   372 | D:3      | Reached skill level 1 in Transmutations
   372 | D:3      | Reached skill level 1 in Ice Magic
   372 | D:3      | Reached skill level 1 in Air Magic
   372 | D:3      | Reached skill level 1 in Earth Magic
   372 | D:3      | Reached skill level 1 in Poison Magic
   372 | D:3      | Reached XP level 5. HP: 30/37 MP: 7/12
   459 | D:3      | Learned a level 2 spell: Throw Flame
   463 | D:3      | Learned a level 3 spell: Conjure Flame
   468 | D:3      | Learned a level 4 spell: Sticky Flame
   477 | D:5      | Entered Level 5 of the Dungeon
   649 | D:5      | Reached XP level 6. HP: 35/44 MP: 10/13
   727 | D:5      | Reached skill level 2 in Invocations
   798 | D:6      | Reached skill level 2 in Fighting
   798 | D:6      | Reached skill level 2 in Short Blades
   798 | D:6      | Reached skill level 2 in Long Blades
   798 | D:6      | Reached skill level 2 in Axes
   798 | D:6      | Reached skill level 2 in Maces & Flails
   798 | D:6      | Reached skill level 2 in Polearms
   798 | D:6      | Reached skill level 2 in Staves
   798 | D:6      | Reached skill level 2 in Slings
   798 | D:6      | Reached skill level 2 in Bows
   798 | D:6      | Reached skill level 2 in Crossbows
   798 | D:6      | Reached skill level 2 in Throwing
   798 | D:6      | Reached skill level 2 in Armour
   798 | D:6      | Reached skill level 5 in Dodging
   798 | D:6      | Reached skill level 2 in Shields
   798 | D:6      | Reached skill level 2 in Unarmed Combat
   798 | D:6      | Reached skill level 2 in Evocations
   869 | D:6      | Reached XP level 7. HP: 48/50 MP: 12/15
  1079 | D:7      | Found a staircase to the Ecumenical Temple.
  1088 | Temple   | Entered the Ecumenical Temple
  1313 | D:7      | Found a runed door.
  1317 | D:7      | Noticed Crazy Yiuf
  1323 | D:7      | Killed Crazy Yiuf
  1380 | D:7      | Reached skill level 2 in Hexes
  1380 | D:7      | Reached skill level 2 in Charms
  1380 | D:7      | Reached skill level 2 in Summonings
  1380 | D:7      | Reached skill level 2 in Necromancy
  1380 | D:7      | Reached skill level 2 in Translocations
  1380 | D:7      | Reached skill level 2 in Transmutations
  1380 | D:7      | Reached skill level 2 in Ice Magic
  1380 | D:7      | Reached skill level 2 in Air Magic
  1380 | D:7      | Reached skill level 2 in Earth Magic
  1380 | D:7      | Reached skill level 2 in Poison Magic
  1384 | D:7      | Found a snail-covered altar of Cheibriados.
  1397 | D:7      | Became a worshipper of Cheibriados the Contemplative
  1408 | D:7      | Found a flagged portal.
  1427 | Bailey   | Entered a bailey
  1440 | Bailey   | Noticed an orc knight
  1446 | Bailey   | Reached skill level 3 in Conjurations
  1540 | Bailey   | Reached skill level 5 in Stealth
  1542 | Bailey   | Reached * piety under Cheibriados
  1579 | Bailey   | Killed an orc knight
  1579 | Bailey   | Reached skill level 3 in Fighting
  1579 | Bailey   | Reached skill level 3 in Short Blades
  1579 | Bailey   | Reached skill level 3 in Long Blades
  1579 | Bailey   | Reached skill level 3 in Axes
  1579 | Bailey   | Reached skill level 3 in Maces & Flails
  1579 | Bailey   | Reached skill level 3 in Polearms
  1579 | Bailey   | Reached skill level 3 in Staves
  1579 | Bailey   | Reached skill level 3 in Slings
  1579 | Bailey   | Reached skill level 3 in Bows
  1579 | Bailey   | Reached skill level 3 in Crossbows
  1579 | Bailey   | Reached skill level 3 in Throwing
  1579 | Bailey   | Reached skill level 3 in Armour
  1579 | Bailey   | Reached skill level 3 in Shields
  1579 | Bailey   | Reached skill level 3 in Unarmed Combat
  1579 | Bailey   | Reached skill level 6 in Spellcasting
  1579 | Bailey   | Reached skill level 6 in Fire Magic
  1579 | Bailey   | Reached skill level 3 in Invocations
  1579 | Bailey   | Reached skill level 3 in Evocations
  1579 | Bailey   | Reached XP level 8. HP: 23/58 MP: 3/17
  1627 | Bailey   | Reached skill level 4 in Invocations
  1651 | Bailey   | Got a twisted long sword
  1652 | Bailey   | Identified the +1 long sword "Filekuoz" {pain, rPois Int+2} (You found it in a bailey)
  1754 | D:7      | Reached skill level 3 in Hexes
  1754 | D:7      | Reached skill level 3 in Charms
  1754 | D:7      | Reached skill level 3 in Summonings
  1754 | D:7      | Reached skill level 3 in Necromancy
  1754 | D:7      | Reached skill level 3 in Translocations
  1754 | D:7      | Reached skill level 3 in Transmutations
  1754 | D:7      | Reached skill level 3 in Ice Magic
  1754 | D:7      | Reached skill level 3 in Air Magic
  1754 | D:7      | Reached skill level 3 in Earth Magic
  1754 | D:7      | Reached skill level 3 in Poison Magic
  1756 | D:7      | Reached skill level 6 in Dodging
  1756 | D:7      | Reached XP level 9. HP: 29/65 MP: 11/18
  1790 | D:7      | HP: 6/65 [poisoned by an adder]
  1795 | D:7      | HP: 6/65 [poisoned by an adder]
  1802 | D:8      | Noticed a two-headed ogre
  1802 | D:8      | HP: 6/65 [poisoned by an adder]
  1808 | D:7      | HP: 6/65 [poisoned by an adder]
  1814 | D:7      | HP: 6/65 [poisoned by an adder]
  1924 | D:7      | Found an ornate altar of the Wu Jian Council.
  1942 | D:7      | Noticed Menkaure
  1950 | D:7      | Killed Menkaure
  2009 | D:7      | Reached ** piety under Cheibriados
  2056 | D:7      | Noticed Dowan
  2058 | D:7      | Noticed Duvessa
  2084 | D:7      | Killed Duvessa
  2084 | D:7      | Reached skill level 4 in Fighting
  2084 | D:7      | Reached skill level 4 in Short Blades
  2084 | D:7      | Reached skill level 4 in Long Blades
  2084 | D:7      | Reached skill level 4 in Axes
  2084 | D:7      | Reached skill level 4 in Maces & Flails
  2084 | D:7      | Reached skill level 4 in Polearms
  2084 | D:7      | Reached skill level 4 in Staves
  2084 | D:7      | Reached skill level 4 in Slings
  2084 | D:7      | Reached skill level 4 in Bows
  2084 | D:7      | Reached skill level 4 in Crossbows
  2084 | D:7      | Reached skill level 4 in Throwing
  2084 | D:7      | Reached skill level 4 in Armour
  2084 | D:7      | Reached skill level 4 in Shields
  2084 | D:7      | Reached skill level 4 in Unarmed Combat
  2084 | D:7      | Reached skill level 4 in Conjurations
  2084 | D:7      | Reached skill level 4 in Evocations
  2089 | D:7      | Killed Dowan
  2132 | D:8      | Noticed Psyche
  2165 | D:9      | Noticed a troll
  2172 | D:9      | Killed a troll
  2172 | D:9      | Reached skill level 6 in Stealth
  2186 | D:10     | Entered Level 10 of the Dungeon
  2314 | D:9      | Found a staircase to the Orcish Mines.
  2386 | D:9      | Found the +3 Elemental Staff {rElec rF++ rC++ MR++ AC+5}
  2400 | D:9      | Found a stormy altar of Qazlal.
  2502 | D:10     | Reached skill level 5 in Invocations
  2521 | D:10     | Reached XP level 10. HP: 58/73 MP: 9/20
  2563 | D:11     | Reached skill level 7 in Spellcasting
  2566 | D:11     | Reached skill level 4 in Hexes
  2566 | D:11     | Reached skill level 4 in Charms
  2566 | D:11     | Reached skill level 4 in Summonings
  2566 | D:11     | Reached skill level 4 in Necromancy
  2566 | D:11     | Reached skill level 4 in Translocations
  2566 | D:11     | Reached skill level 4 in Transmutations
  2566 | D:11     | Reached skill level 4 in Ice Magic
  2566 | D:11     | Reached skill level 4 in Air Magic
  2566 | D:11     | Reached skill level 4 in Earth Magic
  2566 | D:11     | Reached skill level 4 in Poison Magic
  2577 | D:11     | Reached skill level 5 in Fighting
  2577 | D:11     | Reached skill level 5 in Short Blades
  2577 | D:11     | Reached skill level 5 in Long Blades
  2577 | D:11     | Reached skill level 5 in Axes
  2577 | D:11     | Reached skill level 5 in Maces & Flails
  2577 | D:11     | Reached skill level 5 in Polearms
  2577 | D:11     | Reached skill level 5 in Staves
  2577 | D:11     | Reached skill level 5 in Slings
  2577 | D:11     | Reached skill level 5 in Bows
  2577 | D:11     | Reached skill level 5 in Crossbows
  2577 | D:11     | Reached skill level 5 in Throwing
  2577 | D:11     | Reached skill level 5 in Armour
  2577 | D:11     | Reached skill level 5 in Shields
  2577 | D:11     | Reached skill level 5 in Unarmed Combat
  2577 | D:11     | Reached skill level 5 in Evocations
  2586 | D:11     | Reached *** piety under Cheibriados
  2601 | D:11     | Reached skill level 7 in Fire Magic
  2615 | D:11     | Reached skill level 7 in Dodging
  2701 | D:11     | Noticed a purple ugly thing
  2759 | D:12     | Found a labyrinth entrance.
  2760 | D:12     | Found Wupp's Jewellery Emporium.
  2791 | Lab      | Entered a labyrinth
  3179 | Lab      | Noticed a minotaur
  3186 | Lab      | Identified the +5 quarterstaff of Wounding {freeze, *Contam rN++ Stlth+}
  3186 | Lab      | Demolished by a minotaur

Vault maps used:
D:1:      dpeg_arrival_shrine
D:2:      first_ration
D:3:      lemuel_round_altar, uniq_robin, uniq_ijyb, uniq_sigmund
D:4:      serial_bayou_pond_d
D:5:      overflow_temple_1_default, marbit_many_paths
D:7:      slow_altar_2, lemuel_crystal_altar,
          lemuel_mausoleum_altar_yredelemnul,
          minmay_temple_entry_statues_pillars, enter_bailey_3, uniq_menkaure,
          uniq_duvessa, uniq_crazy_yiuf_cottage
D:8:      doesnt_xom_only_xom, uniq_psyche
D:9:      kennysheep_mini, david_orc_3, lightli_church_of_beogh
D:11:     erik_lair_orcish_takeover, serial_shops, shop
D:12:     lab_entry_generic, serial_shops, shop
D:13:     gammafunk_jiyva_shrine, david_vaults_4, serial_shops,
          nicolae_shop_statue_plus, grunt_pizzeria
Temple:   minmay_temple_curvy_branch
Lab:      labyrinth_watery
Bailey:   bailey_axe_4, bailey

Skill      XL: |  1  2  3  4  5  6  7  8  9 10 |
---------------+-------------------------------+-----
Conjurations   | 2 3 4 |  4.9
Spellcasting   | 5 6 7 |  7.3
Invocations    | 1 2 3 4 5 |  5.8
Fighting       | 1 2 3 4 5 |  5.2
Short Blades   | 1 2 3 4 5 |  5.2
Long Blades    | 1 2 3 4 5 |  5.2
Axes           | 1 2 3 4 5 |  5.2
Maces & Flails | 1 2 3 4 5 |  5.2
Polearms       | 1 2 3 4 5 |  5.2
Staves         | 1 2 3 4 5 |  5.2
Slings         | 1 2 3 4 5 |  5.2
Bows           | 1 2 3 4 5 |  5.2
Crossbows      | 1 2 3 4 5 |  5.2
Throwing       | 1 2 3 4 5 |  5.2
Armour         | 1 2 3 4 5 |  5.2
Shields        | 1 2 3 4 5 |  5.2
Unarmed Combat | 1 2 3 4 5 |  5.2
Evocations     | 1 2 3 4 5 |  5.2
Hexes          | 1 2 3 4 |  4.3
Charms         | 1 2 3 4 |  4.3
Summonings     | 1 2 3 4 |  4.3
Necromancy     | 1 2 3 4 |  4.3
Translocations | 1 2 3 4 |  4.3
Transmutations | 1 2 3 4 |  4.3
Ice Magic      | 1 2 3 4 |  4.3
Air Magic      | 1 2 3 4 |  4.3
Earth Magic    | 1 2 3 4 |  4.3
Poison Magic   | 1 2 3 4 |  4.3
Dodging        | 5 6 7 |  7.0
Stealth        | 5 6 |  6.8
Fire Magic     | 6 7 |  7.1

Action                   |  1- 3 |  4- 6 |  7- 9 | 10-12 || total
-------------------------+-------+-------+-------+-------++-------
Melee: Dagger            |    39 |     6 |       |       ||    45
       Bite              |     1 |     3 |    13 |    19 ||    36
       Short sword       |       |    33 |   133 |    31 ||   197
       Punch             |       |       |     1 |     2 ||     3
       Staff             |       |       |       |    22 ||    22
       Long sword        |       |       |       |    14 ||    14
Throw: Tomahawk          |       |       |    31 |     2 ||    33
       Stone             |       |       |     1 |       ||     1
 Cast: Flame Tongue      |    30 |    34 |    53 |       ||   117
       Throw Flame       |       |       |    11 |       ||    11
       Sticky Flame      |       |       |    17 |    11 ||    28
       Conjure Flame     |       |       |     4 |       ||     4
Invok: Bend Time         |       |       |     1 |       ||     1
Evoke: Wand              |       |       |    12 |     4 ||    16
  Use: Scroll            |     2 |     7 |     1 |     4 ||    14
       Potion            |     2 |       |     4 |     2 ||     8
 Stab: Sleeping          |     4 |     4 |     2 |       ||    10
  Eat: Ration            |       |       |     1 |       ||     1
       Chunk             |       |       |     2 |     1 ||     3
Armor: Robe              |     7 |       |       |       ||     7
       Animal skin       |       |    12 |    33 |       ||    45
       Troll leather arm |       |       |     9 |    17 ||    26
Dodge: Dodged            |    34 |    26 |   159 |    67 ||   286
       Rpst.: Long sword |       |       |       |     4 ||     4

Table legend:
 A = Spawn XP
 B = Non-spawn XP
 C = Spawn XP percentage of total XP
 D = Spawn monster count
 E = Non-spawn monster count
 F = Spawn count percentage of total count
 G = Total turns spent on level
                    A         B        C        D         E        F      G
               +---------+---------+-------+---------+---------+-------+---------
         Total |       0 |    7003 |   0.0 |       0 |     150 |   0.0 |  3186
               +---------+---------+-------+---------+---------+-------+---------
           D:1 |       0 |      11 |   0.0 |       0 |       7 |   0.0 |   134
           D:2 |       0 |       1 |   0.0 |       0 |       1 |   0.0 |    54
           D:3 |       0 |     175 |   0.0 |       0 |      30 |   0.0 |   216
           D:4 |       0 |      15 |   0.0 |       0 |       2 |   0.0 |   156
           D:5 |       0 |     237 |   0.0 |       0 |      13 |   0.0 |   306
           D:6 |       0 |     323 |   0.0 |       0 |       9 |   0.0 |   209
           D:7 |       0 |     952 |   0.0 |       0 |      26 |   0.0 |   596
           D:8 |       0 |      99 |   0.0 |       0 |       3 |   0.0 |    22
           D:9 |       0 |     767 |   0.0 |       0 |       8 |   0.0 |   274
          D:10 |       0 |     748 |   0.0 |       0 |       5 |   0.0 |   135
          D:11 |       0 |    1780 |   0.0 |       0 |      16 |   0.0 |    87
          D:12 |       0 |     536 |   0.0 |       0 |       4 |   0.0 |   147
        Bailey |       0 |    1359 |   0.0 |       0 |      26 |   0.0 |   263
               +---------+---------+-------+---------+---------+-------+---------

Table legend:
 A = Turns spent in this place as a percentage of turns spent in the entire game.
 B = Non-inter-level travel turns spent in this place as a percentage of non-inter-level travel turns spent in the entire game.
 C = Inter-level travel turns spent in this place as a percentage of turns spent in this place.
 D = Turns resting spent in this place as a percentage of non-inter-level travel turns spent in this place.
 E = Turns spent auto-exploring this place as a percentage of non-inter-level travel turns spent in this place.
 F = Non-inter-level travel turns spent in this place divided by the number of levels of this place that you've seen.
                   A       B       C       D       E      F
               +-------+-------+-------+-------+-------+----------------------
         Total | 100.0 | 100.0 |   2.3 |   0.0 |   0.0 | 194.6
       Dungeon |  73.4 |  74.0 |   1.4 |   0.0 |   0.0 | 177.3
        Temple |   6.0 |   4.8 |  20.5 |   0.0 |   0.0 | 151.0
     Labyrinth |  12.4 |  12.7 |   0.0 |   0.0 |   0.0 | 395.0
        Bailey |   8.3 |   8.4 |   0.0 |   0.0 |   0.0 | 263.0
               +-------+-------+-------+-------+-------+----------------------

Table legend:
 A = Kills in this place as a percentage of kills in entire the game.
 B = Kills by you in this place as a percentage of kills by you in the entire game.
 C = Kills by friends in this place as a percentage of kills by friends in the entire game.
 D = Other kills in this place as a percentage of other kills in the entire game.
 E = Experience gained in this place as a percentage of experience gained in the entire game.
 F = Experience gained in this place divided by the number of levels of this place that you have seen.
                   A       B       C       D       E      F
               +-------+-------+-------+-------+-------+----------------------
         Total | 100.0 | 100.0 |   N/A |   N/A | 100.0 | 437.7
       Dungeon |  82.7 |  82.7 |   N/A |   N/A |  80.6 | 434.2
        Bailey |  17.3 |  17.3 |   N/A |   N/A |  19.4 | 1359.0
               +-------+-------+-------+-------+-------+----------------------

Vault maps used:
D:1:      dpeg_arrival_shrine
D:2:      first_ration
D:3:      lemuel_round_altar, uniq_robin, uniq_ijyb, uniq_sigmund
D:4:      serial_bayou_pond_d
D:5:      overflow_temple_1_default, marbit_many_paths
D:7:      slow_altar_2, lemuel_crystal_altar,
          lemuel_mausoleum_altar_yredelemnul,
          minmay_temple_entry_statues_pillars, enter_bailey_3, uniq_menkaure,
          uniq_duvessa, uniq_crazy_yiuf_cottage
D:8:      doesnt_xom_only_xom, uniq_psyche
D:9:      kennysheep_mini, david_orc_3, lightli_church_of_beogh
D:11:     erik_lair_orcish_takeover, serial_shops, shop
D:12:     lab_entry_generic, serial_shops, shop
D:13:     gammafunk_jiyva_shrine, david_vaults_4, serial_shops,
          nicolae_shop_statue_plus, grunt_pizzeria
Temple:   minmay_temple_curvy_branch
Lab:      labyrinth_watery
Bailey:   bailey_axe_4, bailey
